 Dungeon Crawl Stone Soup version 0.32-a0-938-g40ac7a0f4d (webtiles) character file.

Game seed: 526101861149563454

272 Gadrel the Covered (level 6, -1/52 HPs)
             Began as an Armataur Fighter on Apr 15, 2024.
             Slain by an iguana (9 damage)
             ... on level 4 of the Dungeon.
             The game lasted 00:06:20 (3840 turns).

Gadrel the Covered (Armataur Fighter)               Turns: 3840, Time: 00:06:21

Health: -1/52      AC: 10    Str: 23    XL:     6   Next: 2%
Magic:  6/6        EV:  5    Int:  9    God:
Gold:   204        SH:  4    Dex:  9    Spells: 5/5 levels left

rFire   . . .        a - +0 flail
rCold   . . .        c - +0 buckler
rNeg    . . .        l - +0 chain mail
rPois   .            (no helmet)
rElec   .            (no cloak)
rCorr   .            f - +0 pair of gloves
SInv    .            (no barding)
Will    .....        (no amulet) Stlth
                     (no ring)
HPRegen 0.28/turn    (no ring)
MPRegen 0.10/turn

%: roll
@: no status effects
A: large, deformed body, tough skin 3, armoured tail, rollpage 1
a: no special abilities


You were on level 4 of the Dungeon.
You visited 1 branch of the dungeon, and saw 4 of its levels.

You collected 204 gold pieces.

Inventory:

Hand Weapons
 a - a +0 flail (weapon)
 b - a +0 sling
   (You took it off a goblin on level 2 of the Dungeon)
 i - the +6 dagger of Accord {heavy, rF++ rCorr Stlth-}
   (You found it on level 2 of the Dungeon)

   rF++:      It greatly protects you from fire.
   rCorr:     It protects you from acid and corrosion.
   Stlth-:    It makes you less stealthy.
Missiles
 g - 2 datura-tipped darts
 s - 14 stones
Armour
 c - a +0 buckler (worn)
 f - a +0 pair of gloves (worn)
   (You found it on level 2 of the Dungeon)
 l - a +0 chain mail (worn)
   (You found it on level 2 of the Dungeon)
Scrolls
 E - a scroll of fear
Potions
 d - a potion of degeneration {unknown}
 e - a potion of haste {unknown}
 J - 3 potions of curing {@q1}
 M - a potion of might


   Skills:
 + Level 3.6 Fighting
 + Level 3.0 Maces & Flails
 + Level 1.9 Throwing
 + Level 4.9 Armour
 + Level 4.4 Shields


You had 5 spell levels left.
You didn't know any spells.
Your spell library was empty.

Dungeon Overview and Level Annotations

Branches:
Dungeon (4/15)
 Temple: D:4-7

Altars:


Innate Abilities, Weirdness & Mutations

Armour fits poorly on your strangely shaped body.
You have extremely tough skin. (AC +3)
You have a long armoured tail.
You regenerate magic when rolling toward enemies. (Rampage MPRegen)


Message History

As you open the door, it creaks loudly!
There is an open door here.
There is an open door here.
You open the door. You open the door.
There is an open door here.
You open the door.
There is an open door here.
As you open the door, it creaks loudly!
There is an open door here.
You open the door.
There is an open door here.
You open the door.
There is an open door here.
Done exploring.
Search for what [Enter for "."]? .
Okay, then.
As you read the scroll labelled KOCSEL XEUCWE, it crumbles to dust.
Wisps of shadow whirl around you...
It was a scroll of summoning.
As you read the scroll labelled QASOUM REPA, it crumbles to dust.
It is a scroll of identify.
j - a potion of brilliance;
B - a potion of brilliance Autopickup disabled for potions of brilliance.
You drop a potion of brilliance.
Your hobgoblin dissolves into shadows!
There is a stone staircase leading down here.
You climb downwards.
Your summoned allies are left behind.
There is a stone staircase leading up here.
A giant cockroach comes into view.
You block the giant cockroach's attack.
You barely miss the giant cockroach.
The giant cockroach bites you but does no damage.
You sock the giant cockroach!
You kill the giant cockroach!
No target in view!
You see here a giant cockroach corpse.
A dart slug comes into view.
You roll towards the dart slug!
You thump the dart slug!
You kill the dart slug!
You see here a dart slug corpse.
Search for what [Enter for "."]? maces
E - a scroll of fear You now have 198 gold pieces (gained 3).
e - a blue potion You now have 201 gold pieces (gained 3).
You now have 204 gold pieces (gained 3).
You open the door.
There is an open door here.
An adder comes into view.
The adder hisses angrily.
You roll towards the adder!
An iguana comes into view.
The iguana hisses angrily.
You roll towards the adder!
You closely miss the adder.
The adder bites you but does no damage. x2
You hit the adder. The adder bites you.
You are poisoned.
The adder poisons you!
You take 1 damage, and have 51/52 hp.
You hit the adder but do no damage.
You feel sick.
The adder bites you but does no damage. x2
You take 2 damage, and have 49/52 hp.
You closely miss the adder.
Your tail-slap misses the adder.
You feel sick. The adder bites you but does no damage. The iguana bites you!
The adder bites you but does no damage. You block the iguana's attack.
You take 9 damage, and have 40/52 hp.
You hit the adder.
You feel sick. The adder bites you but does no damage.
The iguana barely misses you. The adder bites you but does no damage.
You take 2 damage, and have 38/52 hp.
You closely miss the adder.
You feel sick.
You are no longer poisoned.
The iguana bites you. The adder bites you.
You take 8 damage, and have 30/52 hp.
You hit the adder. The adder bites you but does no damage.
The iguana bites you! The adder barely misses you.
The iguana bites you but does no damage.
You take 8 damage, and have 22/52 hp.
You barely miss the adder. The adder bites you but does no damage.
The iguana barely misses you. The adder bites you.
You take 1 damage, and have 21/52 hp.
The adder attacks as it pursues you! The adder bites you but does no damage.
The adder attacks as it pursues you! The adder barely misses you.
The iguana attacks as it pursues you! The iguana bites you.
You take 2 damage, and have 20/52 hp.
The iguana attacks as it pursues you!
The iguana bites you but does no damage.
The adder bites you but does no damage. The iguana attacks as it pursues you!
The iguana bites you.
You take 4 damage, and have 16/52 hp.
You barely miss the iguana. The iguana bites you.
* * * LOW HITPOINT WARNING * * *
You take 3 damage, and have 13/52 hp.
You hit the iguana but do no damage.
The iguana bites you but does no damage.
You closely miss the iguana. The iguana barely misses you.
You hit the iguana. The iguana bites you.
* * * LOW HITPOINT WARNING * * *
The iguana bites you!
You die...

.......#....###
#......#......#
#......#......####
#......#.........#
#......#.........#
#......#.........#
#.....S#.#..###########
##...#l#.#..# #..†...#
#...#@#.#..####.####.#
#...'.#.#..........#.#
#...###.#######.##.#†#
#...#...# #....#.#
#...#.### ########..
#...#.#### #......###
###.#....# #.####.#
.#####.####.#
#.#..#.###
..........##.#
#.........


You could see an iguana and an adder.

Vanquished Creatures
  Jessica (D:3)
  2 orc wizards (D:3)
  Natasha (thrice) (D:2)
  5 adders (D:2)
  2 dart slugs
  An orc (D:2)
  6 ball pythons
  4 endoplasms
  3 giant cockroaches
  10 goblins
  9 hobgoblins
  4 jackals (D:2)
  7 quokkas
  8 bats
  2 frilled lizards
  3 kobolds (D:1)
  4 rats
74 creatures vanquished.

Notes
Turn   | Place    | Note
-------+----------+-------------------------------------------
     0 | D:1      | Gadrel the Armataur Fighter began the quest for the Orb.
     0 | D:1      | Reached XP level 1. HP: 18/18 MP: 1/1
   240 | D:1      | Reached skill level 2 in Maces & Flails
   246 | D:1      | Reached XP level 2. HP: 22/25 MP: 2/2
   509 | D:1      | Reached skill level 4 in Armour
   535 | D:1      | Reached skill level 3 in Fighting
   706 | D:2      | Reached XP level 3. HP: 31/31 MP: 3/3
   986 | D:2      | Identified the +6 dagger of Accord {heavy, rF++ rCorr
                  | Stlth-}
  1287 | D:2      | Found a faded altar of an unknown god.
  1548 | D:2      | Noticed Natasha
  1551 | D:2      | Killed Natasha
  1552 | D:2      | Reached XP level 4. HP: 34/38 MP: 4/4
  1583 | D:2      | Reached skill level 1 in Throwing
  1599 | D:2      | Reached skill level 4 in Shields
  2060 | D:2      | Noticed Natasha
  2066 | D:2      | Killed Natasha
  2067 | D:2      | Reached XP level 5. HP: 41/45 MP: 5/5
  2729 | D:2      | Noticed Natasha
  2737 | D:2      | Killed Natasha
  3017 | D:3      | Reached skill level 3 in Maces & Flails
  3362 | D:3      | Noticed Jessica
  3369 | D:3      | Killed Jessica
  3370 | D:3      | Reached XP level 6. HP: 49/52 MP: 6/6
  3837 | D:4      | HP: 13/52 [iguana (4)]
  3840 | D:4      | Slain by an iguana

Illustrated notes

Levels and vault maps discovered:
D:1:      lightli_arrival_flooded_house, layout_loops_ring,
          minmay_small_reverse_x
D:2:      minmay_razor_zed, layout_loops_corners, serial_bayou,
          serial_bayou_pond_d, serial_bayou_pond_e, serial_bayou_lake_a,
          serial_bayou_lagoon_a, hellmonk_ecumenical_altar_leap_of_faith,
          st_stairs_3, chequers_avenue, uniq_natasha
D:3:      layout_basic, minmay_door_square, chequers_hall_statues_corner_a,
          uniq_jessica
D:4:      layout_basic, uniq_duvessa

Skill      XL: |  1  2  3  4  5 |
---------------+----------------+-----
Maces & Flails | 2 3 |  3.0
Armour         | 4 |  4.9
Fighting       | 3 |  3.6
Throwing       | 1 |  1.9
Shields        | 4 |  4.4

Action                     |  1- 3 |  4- 6 || total
---------------------------+-------+-------++-------
  Melee: Flail             |   110 |   120 ||   230
         Tailslap          |     3 |    15 ||    18
  Throw: Dart              |       |     2 ||     2
    Use: Scroll            |     4 |     2 ||     6
         Potion            |       |     1 ||     1
 Armour: Scale mail        |    83 |    48 ||   131
         Chain mail        |       |    90 ||    90
  Dodge: Dodged            |    41 |    53 ||    94
  Block: Buckler           |    17 |    24 ||    41

Table legend: (Time is in decaauts)
 A = Elapsed time spent in this place.
 B = Non-inter-level travel time spent in this place.
 C = Inter-level travel time spent in this place.
 D = Time resting spent in this place.
 E = Time spent auto-exploring this place.
 F = Levels seen in this place.
 G = Mean time per level.
                   A        B        C        D        E       F      G
               +--------+--------+--------+--------+--------+-----+--------+
         Total |   3919 |   3150 |    769 |     89 |   2476 |   4 |  979.8 |
       Dungeon |   3919 |   3150 |    769 |     89 |   2476 |   4 |  979.8 |
               +--------+--------+--------+--------+--------+-----+--------+

Top non-repeatable levels by time:
     D:2: 2343 daAuts
     D:3: 805 daAuts
     D:1: 651 daAuts
     D:4: 118 daAuts

Levels and vault maps discovered:
D:1:      lightli_arrival_flooded_house, layout_loops_ring,
          minmay_small_reverse_x
D:2:      minmay_razor_zed, layout_loops_corners, serial_bayou,
          serial_bayou_pond_d, serial_bayou_pond_e, serial_bayou_lake_a,
          serial_bayou_lagoon_a, hellmonk_ecumenical_altar_leap_of_faith,
          st_stairs_3, chequers_avenue, uniq_natasha
D:3:      layout_basic, minmay_door_square, chequers_hall_statues_corner_a,
          uniq_jessica
D:4:      layout_basic, uniq_duvessa

Table legend: (Time is in decaauts)
 A = Elapsed time spent in this place.
 B = Non-inter-level travel time spent in this place.
 C = Inter-level travel time spent in this place.
 D = Time resting spent in this place.
 E = Time spent auto-exploring this place.
 F = Levels seen in this place.
 G = Mean time per level.
                   A        B        C        D        E       F      G
               +--------+--------+--------+--------+--------+-----+--------+
         Total |   3919 |   3150 |    769 |     89 |   2476 |   4 |  979.8 |
       Dungeon |   3919 |   3150 |    769 |     89 |   2476 |   4 |  979.8 |
               +--------+--------+--------+--------+--------+-----+--------+

Top non-repeatable levels by time:
     D:2: 2343 daAuts
     D:3: 805 daAuts
     D:1: 651 daAuts
     D:4: 118 daAuts

Table legend:
 A = Kills in this place as a percentage of kills in the entire game.
 B = Kills by you in this place as a percentage of kills by you in the entire game.
 C = Kills by friends in this place as a percentage of kills by friends in the entire game.
 D = Other kills in this place as a percentage of other kills in the entire game.
 E = Experience gained in this place as a percentage of experience gained in the entire game.
 F = Experience gained in this place divided by the number of levels of this place that you have seen.
                   A       B       C       D       E      F
               +-------+-------+-------+-------+-------+----------------------
         Total | 100.0 | 100.0 |   N/A |   N/A | 100.0 |  97.2
       Dungeon | 100.0 | 100.0 |   N/A |   N/A | 100.0 |  97.2
               +-------+-------+-------+-------+-------+----------------------
